Match 25715933
Unlisted

Match 25715933
End
Selects Luftwaffe Battlegroup
Selects Luftwaffe Pioneer Support
Fallschirmpioneer Squad Paradrop
Construct Infanterie Kompanie
GrW 34 Mortar Team
Pioneer Squad
MG 42 Machine Gun Team
MG 42 Machine Gun Team
Grenadier Squad
Medical Station
Construct Panzergrenadier Kompanie
Pak 40 Anti-tank Gun Team
Selects Stuka Strafing Run
Stuka Strafing Run
Support Elements
Selects Fallschirmjäger Squad Paradrop
Fallschirmjäger Squad Paradrop
Fallschirmjäger Squad Paradrop
Fallschirmjäger Squad Paradrop
Selects Luftwaffe Combat Group
Fallschirmpioneer Squad Paradrop
Fallschirmpioneer Squad Paradrop
PerleDeLait
Petra_And_Yuuky
bLacK h4wk d0wN
Sourdy
0
0

Comments sign in to comment!

No comments posted yet!